Map: Catalyst LE

Players

Bly

  • Race: Zerg Zerg
  • Spawn Location: 11:00

Namshar - Winner!

  • Race: Zerg Zerg
  • League: Master
  • Spawn Location: 5:00

Event: WESG Barcelona European Finals 2017

VOD

Have the link to the VOD?

Description

Time

  • Played on: Nov. 25, 2017, 6:50 a.m.
  • Length: 7:38

All games in this series

Show
View Real Time Build Order
Export as new Build Order

Bly Zerg 

Build Orders: Hatch First 

Get SALT Encoding   

  12  0:01  Drone  
  13  0:12  Overlord  
  13  0:17  Drone  
  14  0:30  Drone x2  
  16  0:37  Drone  
  17  0:52  Hatchery  
  17  0:55  Drone  
  17  1:04  Extractor  
  17  1:11  Spawning Pool  
  15  1:14  Drone  
  15  1:17  Drone  
  17  1:21  Drone  
  18  1:28  Drone  
  19  1:47  Overlord  
  19  1:57  Drone  
  19  1:58  Queen  
  22  2:05  Queen  
  22  2:06  Metabolic Boost  
  24  2:11  Drone x2  
  24  2:12  Drone  
  27  2:16  Drone  
  27  2:21  Drone  
  29  2:27  Drone  
  30  2:38  Hatchery  
  29  2:44  Queen  
  29  2:48  Overlord  
  32  2:51  Zergling x2  
  32  2:52  Zergling x2  
  32  2:53  Zergling x2  
  34  3:04  Zergling x4  
  36  3:12  Zergling x8  
  40  3:14  Drone x3  
  40  3:19  Drone  
  44  3:26  Roach Warren  
  43  3:33  Overlord  
  43  3:35  Overlord  
  43  3:39  Drone, Overlord  
  44  3:55  Drone x2  
  46  4:01  Drone x3  
  45  4:07  Roach x5  
  50  4:13  Zergling x6  
  53  4:19  Extractor  
  53  4:21  Extractor  
  51  4:25  Zergling x6  
  54  4:31  Extractor  
  54  4:35  Roach  
  54  4:36  Roach x2  
  55  4:47  Drone x5  
  60  4:54  Overlord  
  60  4:56  Overlord  
  60  5:00  Overlord  
  60  5:13  Roach x7  
  72  5:30  Overlord  
  72  5:33  Lair, Drone x2  
  72  5:34  Drone x3  
  77  5:36  Drone x2  
  77  5:42  Drone, Evolution Chamber  
  79  5:46  Drone  
  79  5:47  Drone  
  79  5:49  Drone  
  82  5:56  Drone x4  
  86  6:10  Drone  
  86  6:11  Drone x2, Extractor  
  88  6:12  Overlord  
  88  6:13  Extractor  
  88  6:14  Overlord  
  87  6:23  Roach x4  
  95  6:29  Roach x3  
  100  6:37  Roach  
  100  6:38  Roach x2  
  106  6:42  Roach  
  106  6:44  Roach  
  110  6:47  Roach x2  
  110  6:56  Roach x4  
  110  6:59  Roach  
  110  7:00  Roach  
  110  7:06  Roach x2  
  96  7:11  Roach  
  96  7:12  Roach  
  77  7:17  Roach x2  
Show
View Real Time Build Order
Export as new Build Order

Namshar Zerg - Winner!

Build Orders: Hatch First 

Get SALT Encoding   

  12  0:00  Drone  
  13  0:12  Overlord  
  13  0:17  Drone  
  14  0:30  Drone x2  
  14  0:34  Drone  
  17  0:51  Hatchery  
  17  0:54  Drone  
  17  1:08  Spawning Pool  
  16  1:12  Drone  
  16  1:15  Extractor  
  16  1:16  Drone  
  17  1:19  Drone  
  18  1:27  Drone  
  19  1:38  Overlord  
  19  1:49  Drone  
  20  1:55  Queen  
  20  2:00  Zergling x2  
  23  2:03  Queen  
  23  2:04  Zergling x2  
  26  2:11  Drone  
  26  2:15  Drone  
  28  2:22  Zergling x2  
  29  2:25  Metabolic Boost, Drone  
  30  2:38  Drone x2  
  30  2:42  Hatchery  
  31  2:47  Baneling Nest  
  30  2:52  Overlord  
  30  2:59  Drone x2  
  30  3:01  Drone  
  32  3:06  Drone x2  
  34  3:16  Zergling x2  
  34  3:17  Drone x3  
  38  3:22  Overlord  
  38  3:26  Zergling x2  
  38  3:27  Zergling x4  
  40  3:31  Baneling x2  
  41  3:36  Zergling x2  
  42  3:44  Zergling x8  
  46  3:49  Queen  
  46  3:54  Overlord x2  
  47  4:08  Drone x4, Roach Warren  
  48  4:14  Overlord  
  48  4:15  Drone  
  48  4:16  Drone x2  
  51  4:18  Baneling x2  
  51  4:20  Drone x3  
  54  4:27  Drone x3  
  56  4:42  Extractor  
  56  4:44  Drone, Extractor  
  56  4:45  Drone x2  
  56  4:47  Evolution Chamber  
  56  4:49  Roach  
  56  4:50  Roach x5  
  67  4:57  Roach  
  67  4:58  Roach, Overlord  
  71  5:01  Drone x2  
  72  5:13  Queen, Overlord  
  72  5:14  Overlord  
  72  5:20  Roach x3  
  77  5:26  Roach  
  77  5:27  Roach  
  80  5:33  Overlord  
  80  5:35  Roach x3  
  86  5:36  Roach  
  86  5:43  Roach  
  86  5:44  Roach x2  
  94  5:50  Roach x2  
  94  5:53  Ravager  
  94  5:54  Overlord  
  97  6:01  Zergling x6, Roach x2  
  104  6:09  Zergling x4  
  106  6:15  Overlord x2  
  106  6:21  Zergling x2  
  106  6:22  Zergling x8  
  110  6:34  Zergling x2  
  110  6:35  Zergling x18  
  110  6:36  Ravager x2  
  122  6:47  Ravager  
  122  6:48  Overlord x2  
  119  6:54  Zergling x8  
  114  7:04  Zergling x10  
  108  7:11  Zergling x2  
  108  7:12  Zergling x14  
Tags
 
Add a new tag
Caveats
  • Supply blocks, unpowered buildings, or Contaminate may cause inaccurate times.
  • Supply counts are checked every 10 seconds.